 Dungeon Crawl Stone Soup version 0.27-a0-1140-g099f9bb0e8 (webtiles) character file.

Game seed: 18293037531145633612

37 heikuro the Skirmisher (level 3, -7/29 HPs)
             Began as a Formicid Abyssal Knight on May 8, 2021.
             Was a Follower of Lugonu.
             Mangled by an ogre
             ... wielding a +0 giant spiked club
              (17 damage)
             ... on level 2 of the Dungeon.
             The game lasted 00:04:31 (2794 turns).

heikuro the Skirmisher (Formicid Abyssal Knight)    Turns: 2794, Time: 00:04:31

Health: -7/29      AC:  6    Str: 17    XL:     3   Next: 62%
Magic:  5/5        EV:  6    Int: 11    God:    Lugonu [*.....]
Gold:   55         SH:  7    Dex: 10    Spells: 2/2 levels left

rFire    . . .     SeeInvis +   f - +1 dagger (venom)
rCold    . . .     Faith    .   j - +0 kite shield
rNeg     . . .     Spirit   .   i - +0 scale mail
rPois    .         Reflect  .   (helmet unavailable)
rElec    .         Harm     .   (no cloak)
rCorr    .         Rampage  .   (no gloves)
Will     .....                  (no boots)
Stlth    ..........             (no amulet)
HPRegen  0.09/turn              (no ring)
MPRegen  0.09/turn              (no ring)

@: no status effects
A: permanent stasis, dig shafts and tunnels, antennae 3, four strong arms
a: Dig, Shaft Self, Renounce Religion, Depart the Abyss


You were on level 2 of the Dungeon.
You worshipped Lugonu.
Lugonu was aware of your devotion.
You visited 1 branch of the dungeon, and saw 2 of its levels.
You visited the Abyss 1 time.

You collected 100 gold pieces.
You spent 45 gold pieces at shops.

Inventory:

Hand Weapons
 a - a +1 hand axe
 f - a +1 dagger of venom (weapon)
Armour
 i - a +0 scale mail (worn)
 j - a +0 kite shield (worn)
Jewellery
 c - a ring of flight
Scrolls
 b - a scroll of identify {unknown}
 d - a scroll of acquirement {unknown}
 g - a scroll of noise {unknown}
 m - a scroll of teleportation {unknown}
Potions
 e - a potion of ambrosia {unknown}
 h - a potion of mutation {unknown}
 k - a potion of invisibility {unknown}
 l - 3 potions of haste {unknown}


   Skills:
 + Level 3.6 Fighting
 * Level 2.8 Axes
 + Level 2.6 Armour
 - Level 1.0 Dodging
 + Level 0.1 Shields
 + Level 2.7 Invocations


You had 2 spell levels left.
You didn't know any spells.
Your spell library contained the following spells:

 Spells                   Type           Power      Damage    Failure   Level
 Sandblast                Erth           0%         2d4       100%        1
 Passwall                 Tmut/Erth      0%         N/A       100%        2
 Stone Arrow              Conj/Erth      0%         3d7       100%        3
 Petrify                  Tmut/Erth      0%         N/A       100%        4
 Lee's Rapid Deconstruct  Erth           0%         3d5*      100%        5


Dungeon Overview and Level Annotations

Branches:
Dungeon (2/15)

Altars:

Shops:
D:1 [   D:2 *


Innate Abilities, Weirdness & Mutations

You cannot be hasted, slowed, berserked, paralysed or teleported.
You can dig through walls and to a lower floor.
You have a pair of large antennae on your head. (SInv)
Your four strong arms can wield two-handed weapons with a shield.


Message History

Found a stone staircase leading up.
Okay, then.
There is a stone staircase leading up here.
m - a scroll labelled BOELUOSARO An endoplasm comes into view.
The endoplasm quivers.
The endoplasm freezes you.
You are frozen.
Your shield and scale mail prevent you from hitting the endoplasm.
The endoplasm freezes you.
You are frozen.
The endoplasm hits you but does no damage.
You hit the endoplasm.
The endoplasm is heavily wounded.
You block the endoplasm's attack.
You hit the endoplasm.
The endoplasm is poisoned.
The endoplasm is severely wounded.
You kill the endoplasm!
Lugonu accepts your kill.
No target in view!
No target in view!
Found a cloak.
An ogre comes into view. It is wielding a +0 giant spiked club.
The ogre shouts!
You hit the ogre.
The ogre is poisoned.
The ogre is lightly wounded.
The ogre hits you with a +0 giant spiked club!
Ouch! That really hurt!
Okay, then.
The ogre looks more healthy.
You hit the ogre but do no damage.
The ogre is poisoned.
The ogre is heavily wounded.
The ogre hits you with a +0 giant spiked club!
* * * LOW HITPOINT WARNING * * *
The ogre looks more healthy.
You hit the ogre.
The ogre is poisoned.
The ogre is severely wounded.
The ogre hits you with a +0 giant spiked club!
Ouch! That really hurt!
You die...

..##.## #.##...............
..#...## ######.......#...#####..
.....#.###...#########...## ##.#.
..##.##.#.....# #...# #.###
..##..........## #...# ##.##
....>##........# #...# ##>#
##.###.#.#...#.# #...#######.
###.#.##.##.##.#### #........##.
#.....##.##....<@O####....###.##.
#.....##.####.###................
#.............# #.......)........
#.....##......###................
#.....######...(..###.........###
####### #.###### #.....##### #.#
#.....# ######.# #.....# #......#
#.....#


You could see an ogre (poisoned).

Vanquished Creatures
  A worm (D:2)
  A dart slug (D:1)
  3 endoplasms
  3 hobgoblins (D:1)
  3 jackals (D:1)
  A quokka (D:1)
  3 ball pythons
  2 bats (D:1)
  A frilled lizard (D:1)
  3 goblins (D:1)
  4 kobolds
  8 rats
33 creatures vanquished.

Vanquished Creatures (others)
  22 plants (D:1)
22 creatures vanquished.

Grand Total: 55 creatures vanquished

Notes
Turn   | Place    | Note
-------+----------+-------------------------------------------
     0 | Abyss:1  | heikuro the Formicid Abyssal Knight began the quest for the
                  | Orb.
     0 | Abyss:1  | Reached XP level 1. HP: 18/18 MP: 2/2
     1 | Abyss:1  | Found a broken altar of Ashenzari.
    61 | D:1      | Escaped the Abyss
   154 | D:1      | Found a faded altar of an unknown god.
   352 | D:1      | Reached skill level 1 in Dodging
   436 | D:1      | Reached * piety under Lugonu
   470 | D:1      | Reached XP level 2. HP: 24/24 MP: 3/3
   690 | D:1      | Found Ariyh's Armour Emporium.
   866 | D:1      | Reached XP level 3. HP: 28/29 MP: 4/4
  1640 | D:1      | Found a faded altar of an unknown god.
  1959 | D:1      | Found Ariyh's Armour Emporium.
  2465 | D:2      | Found Avoischui's General Store.
  2475 | D:2      | Bought a +0 kite shield for 45 gold pieces
  2739 | D:2      | Noticed an ogre
  2794 | D:2      | Mangled by an ogre

Illustrated notes

Levels and vault maps discovered:
D:1:      lightli_arrival_farm, layout_loops_ring, serial_shops,
          nicolae_shop_stone, serial_bayou, serial_bayou_lagoon_a,
          serial_bayou_lake_a, serial_bayou_pond_c, serial_bayou_pond_a,
          serial_bayou_lagoon_b, hellmonk_ecumenical_altar_run_dry,
          minmay_box_of_dots
D:2:      layout_loops_cross, serial_shops, nicolae_shop_stone

Skill      XL: |  1 |
---------------+----+-----
Dodging        | 1 |  1.0
Fighting       | |  3.6
Axes           | |  2.8
Armour         | |  2.6
Shields        | |  0.1
Invocations    | |  2.7

Action                   || total
-------------------------++-------
Melee: Hand axe          ||    16
       Dagger            ||    97
Invok: Depart the Abyss  ||     1
 Abil: Dig               ||     1
Armor: Leather armour    ||     9
       Scale mail        ||    13
Dodge: Dodged            ||    46
Block: Kite shield       ||     2

Table legend: (Time is in decaauts)
 A = Elapsed time spent in this place.
 B = Non-inter-level travel time spent in this place.
 C = Inter-level travel time spent in this place.
 D = Time resting spent in this place.
 E = Time spent auto-exploring this place.
 F = Levels seen in this place.
 G = Mean time per level.
                   A        B        C        D        E       F      G
               +--------+--------+--------+--------+--------+-----+--------+
         Total |   2975 |   2940 |     35 |    232 |   2262 |   3 |  991.7 |
       Dungeon |   2914 |   2879 |     35 |    232 |   2233 |   2 | 1457.0 |
         Abyss |     61 |     61 |      0 |      0 |     29 |   1 |   61.0 |
               +--------+--------+--------+--------+--------+-----+--------+

Top non-repeatable levels by time:
     D:1: 2347 daAuts
     D:2: 567 daAuts
 Abyss:1: 61 daAuts
